 Dungeon Crawl Stone Soup version 0.29-a0-824-gd827844252 (webtiles) character file.

Game seed: 6282090992336680344

921 quinnr the Zephyrmancer (level 8, -2/41 HPs)
             Began as a Tengu Air Elementalist on July 10, 2022.
             Slain by an unseen horror (7 damage)
             ... on level 6 of the Dungeon.
             The game lasted 00:17:34 (7019 turns).

quinnr the Zephyrmancer (Tengu Air Elementalist)    Turns: 7019, Time: 00:17:34

Health: -2/41      AC:  4    Str:  8    XL:     8   Next: 10%
Magic:  0/12       EV: 19    Int: 18    God:
Gold:   341        SH:  5    Dex: 15    Spells: 1/11 levels left

rFire   . . .      SeeInvis .   B - +3 dagger (venom)
rCold   . . .      Faith    .   (no shield)
rNeg    . . .      Spirit   .   a - +0 robe
rPois   .          Reflect  +   (helmet restricted)
rElec   .          Harm     .   C - +0 cloak
rCorr   .          Rampage  .   H - +0 pair of gloves
Will    .....                   (boots unavailable)
Stlth   ++........              o - amulet of reflection
HPRegen 0.13/turn               j - +4 ring of evasion
MPRegen 0.13/turn               (no ring)

@: marked, flying quickly and evasively, quick
A: beak, talons 3, nimble flight
a: no special abilities


You were on level 6 of the Dungeon.
You visited 1 branch of the dungeon, and saw 6 of its levels.
You also visited: Ossuary.

You collected 341 gold pieces.

Inventory:

Hand Weapons
 B - a +3 dagger of venom (weapon)
Armour
 a - a +0 robe (worn)
 C - a +0 cloak (worn)
 D - the +2 leather armour of Beogh's Hope {rPois rN+++ Dex+6 Stlth-}
   (You found it on level 5 of the Dungeon)

   Dex:       It affects your dexterity (+6).
   rPois:     It protects you from poison.
   rN:        It renders you almost immune to negative energy.
   Stlth:     It makes you less stealthy.
 H - a +0 pair of gloves (worn)
Magical Staves
 q - a staff of air
Jewellery
 j - a +4 ring of evasion (left hand)
 o - an amulet of reflection (around neck)
Wands
 v - a wand of digging (1)
 y - a wand of flame (46)
 z - a wand of mindburst (8)
Scrolls
 d - a scroll of silence {unknown}
 i - a scroll of noise {unknown}
 k - a scroll of teleportation {unknown}
 l - a scroll of enchant weapon
 m - a scroll of enchant armour {unknown}
 n - a scroll of fear
 p - a scroll of magic mapping {unknown}
 r - a scroll of brand weapon {unknown}
 t - a scroll of fog {unknown}
 x - a scroll of immolation {unknown}
 I - a scroll of summoning
Potions
 b - 2 potions of magic
 c - 3 potions of invisibility
 e - a potion of curing
 f - 2 potions of mutation
 g - 2 potions of lignification
 h - 2 potions of ambrosia
 s - 2 potions of haste
 u - a potion of resistance
 w - 3 potions of might


   Skills:
 + Level 1.5 Armour
 - Level 2.2 Dodging
 - Level 2.0 Stealth
 - Level 2.0 Spellcasting
 + Level 2.8 Conjurations
 + Level 11.5 Air Magic
 + Level 1.6 Poison Magic


You had one spell level left.
You knew the following spells:

 Your Spells              Type           Power      Damage    Failure   Level
a - Shock                 Conj/Air       100%       1d9       1%          1
b - Airstrike             Air            21%        0-8+      1%          4
c - Static Discharge      Conj/Air       27%        3-7/arc   1%          2
d - Mephitic Cloud        Conj/Pois/Air  21%        N/A       6%          3

Your spell library contained the following spells:

 Spells                   Type           Power      Damage    Failure   Level
 Sting                    Tmut/Pois      16%        1d3       13%         1
 Poisonous Vapours        Pois/Air       50%        N/A       1%          2
 Swiftness                Air            43%        N/A       1%          3
 Ignite Poison            Fire/Tmut/Pois 3%         N/A       41%         3
 Freezing Cloud           Conj/Ice/Air   9%         6-21      56%         5
 Olgreb's Toxic Radiance  Pois           7%         N/A       67%         4
 Sticky Flame             Conj/Fire      6%         2d3       69%         4
 Dispel Undead            Necr           1%         3d6       87%         4


Dungeon Overview and Level Annotations

Branches:
Dungeon (6/15)            Ossuary (visited)
 Temple: D:4-7

Altars:
Gozag
Hepliaklqana
Uskayaw
Wu Jian
Xom

Shops:
D:3 *


Innate Abilities, Weirdness & Mutations

You have a beak for a mouth.
You have claws for feet.
Your magical nature lets you fly swiftly and evasively.


Message History

Casting: Shock (safe; 1% risk of failure)
Confirm with . or Enter, or press ? or * to list all spells.
Aiming: Shock (safe; 1% risk of failure)
Press: ? - help, Shift-Dir - straight line
Okay, then.
Casting: Shock (safe; 1% risk of failure)
Confirm with . or Enter, or press ? or * to list all spells.
Something is struck by an arc of lightning!
You are struck by an arc of lightning.
* * * LOW HITPOINT WARNING * * *
The lightning grounds out.
The orc is struck by an arc of lightning!
You kill the orc!
You are struck by an arc of lightning.
* * * LOW HITPOINT WARNING * * *
Something is struck by an arc of lightning!
The lightning grounds out.
You block something's attack.
Unknown command.
Unknown command.
Unknown command.
Something hits you.
* * * LOW HITPOINT WARNING * * *
The adder bites you but does no damage.
Things that are here:
a +0 club; an orc corpse
Okay, then.
Unknown command.
Casting: Static Discharge (safe; 1% risk of failure)
Confirm with . or Enter, or press ? or * to list all spells.
You don't have enough magic to cast this spell.
Casting: Static Discharge (safe; 1% risk of failure)
Confirm with . or Enter, or press ? or * to list all spells.
Something is struck by an arc of lightning!
You are struck by an arc of lightning.
* * * LOW HITPOINT WARNING * * *
Something is struck by an arc of lightning.
The adder is struck by an arc of lightning.
The adder is moderately wounded.
The lightning grounds out.
Something hits you!
You die...

..............# #..<.......#
..............#..#.#.######.#
..............#..#.#.# #....#
...#.......##.#..#.#.# #.#..#
...........##.#..#.#.# #.#..#
#...........##.#..#.#.# #.#..#
#.#..........##.#..#.#.# #.#..#
##.##..#.......##.#..#.#.# #.#..#
..#.##.#........@....#.#.# #.#..#
..#.##.#.......S#.#.##.#.# #.#..#
##.##......##...#.#.##.#.# #.#..#
..#.#......##...#.#.##.#.###.#..#
####.......###+##.#.#........#..#
##..............#.#.##.#........#
.......#........#.#.###########.#
.....##.........................#
.....##.........#.#.#############


You could see an adder.

Vanquished Creatures
  2 wraiths (Ossuary)
  A black bear (D:5)
  A scorpion (D:4)
  A necrophage (D:5)
  3 wights (Ossuary)
  A jelly (D:5)
  An iguana (D:5)
  5 adders
  An ufetubus (D:5)
  An adder zombie (Ossuary)
  2 worms (D:2)
  2 dart slugs
  23 orcs
  6 bats
  9 endoplasms
  6 giant cockroaches
  13 goblins
  10 hobgoblins
  3 jackals (D:1)
  5 ball pythons
  A ball python skeleton (Ossuary)
  3 frilled lizards (D:2)
  3 hobgoblin skeletons (Ossuary)
  A hobgoblin zombie (Ossuary)
  14 kobolds
  3 orc zombies (Ossuary)
  10 rats
131 creatures vanquished.

Vanquished Creatures (others)
  2 fungi (D:1)
  2 plants
4 creatures vanquished.

Grand Total: 135 creatures vanquished

Notes
Turn   | Place    | Note
-------+----------+-------------------------------------------
     0 | D:1      | quinnr the Tengu Air Elementalist began the quest for the
                  | Orb.
     0 | D:1      | Reached XP level 1. HP: 10/10 MP: 4/4
   232 | D:1      | Reached XP level 2. HP: 11/15 MP: 4/6
   527 | D:1      | Reached skill level 5 in Air Magic
   596 | D:1      | Found a faded altar of an unknown god.
  1149 | D:2      | Reached XP level 3. HP: 19/19 MP: 5/7
  2027 | D:2      | Reached skill level 6 in Air Magic
  2360 | D:2      | Identified the +1 scale mail of Mezcal {Contam Str+2 Dex+6}
  2590 | D:3      | Reached XP level 4. HP: 20/24 MP: 3/8
  3487 | D:3      | Found an ornate altar of the Wu Jian Council.
  3493 | D:3      | Reached skill level 7 in Air Magic
  3677 | D:3      | Found Mazufaev's General Store.
  4026 | D:4      | Gained mutation: Your magical nature lets you fly swiftly
                  | and evasively. [Tengu growth]
  4026 | D:4      | Reached XP level 5. HP: 28/28 MP: 3/9
  4265 | D:4      | Found an opulent altar of Gozag.
  4266 | D:4      | Found a hazy altar of Hepliaklqana.
  4271 | D:4      | Found a hide-covered altar of Uskayaw.
  4271 | D:4      | Found a shimmering altar of Xom.
  4346 | D:4      | Reached skill level 8 in Air Magic
  4415 | D:4      | Reached XP level 6. HP: 12/32 MP: 4/10
  4501 | D:4      | Found a sand-covered staircase.
  4509 | Ossuary  | Entered an ossuary
  4515 | Ossuary  | Learned a level 4 spell: Airstrike
  4675 | Ossuary  | Reached skill level 9 in Air Magic
  4756 | Ossuary  | Learned a level 2 spell: Static Discharge
  4962 | Ossuary  | Noticed a wraith
  4962 | Ossuary  | Noticed a flying skull
  4981 | Ossuary  | Noticed a flying skull
  5005 | Ossuary  | Noticed a flying skull
  5064 | Ossuary  | Noticed a wraith
  5067 | Ossuary  | Killed a wraith
  5068 | Ossuary  | Reached skill level 10 in Air Magic
  5068 | Ossuary  | Reached XP level 7. HP: 34/36 MP: 4/11
  5275 | Ossuary  | Noticed a wraith
  5290 | Ossuary  | Killed a wraith
  5291 | Ossuary  | Reached skill level 11 in Air Magic
  5557 | D:4      | Learned a level 3 spell: Mephitic Cloud
  5687 | D:4      | Identified the +5 ring mail of Qyfid {rElec Int+4 Dex+3}
  5958 | D:5      | Entered Level 5 of the Dungeon
  6109 | D:5      | Identified the +2 leather armour of Beogh's Hope {rPois
                  | rN+++ Dex+6 Stlth-}
  6192 | D:5      | Reached skill level 1 in Poison Magic
  6271 | D:5      | Reached skill level 1 in Armour
  6271 | D:5      | Reached XP level 8. HP: 41/41 MP: 3/12
  7019 | D:6      | Slain by an unseen horror

Illustrated notes

Levels and vault maps discovered:
D:1:      dpeg_arrival_prison, layout_loops_cross,
          shapermc_ecumenical_altar_mp_ritualfount, minmay_misc_feat_hallway,
          amethyst_killhole, hangedman_decor_diamond_cutter
D:2:      layout_basic
D:3:      layout_loops_corners, mainiacjoe_overflow_24_doors, serial_shops, shop
D:4:      corexii_shantytown, layout_basic, grunt_temple_overflow_open,
          enter_ossuary_1
D:5:      layout_rooms, minivault_27, kennysheep_flooded_box
D:6:      layout_basic, zin_scriptorium, minivault_22

Skill      XL: |  1  2  3  4  5  6  7 |
---------------+----------------------+-----
Air Magic      | 5 6 7 8 10 11 | 11.5
Conjurations   | 2 |  2.8
Poison Magic   | 1 |  1.6
Armour         | 1 |  1.5
Dodging        | |  2.2
Stealth        | |  2.0
Spellcasting   | |  2.0

Action                   |  1- 3 |  4- 6 |  7- 9 || total
-------------------------+-------+-------+-------++-------
Melee: Unarmed           |     2 |       |       ||     2
       Dagger            |     5 |    18 |     1 ||    24
       Peck              |     2 |     6 |       ||     8
       Kick              |     1 |    12 |       ||    13
       Staff             |       |     5 |     2 ||     7
 Cast: Shock             |    99 |   103 |    20 ||   222
       Static Discharge  |       |    11 |     4 ||    15
       Airstrike         |       |       |    15 ||    15
  Use: Scroll            |       |     7 |     8 ||    15
       Potion            |       |       |     1 ||     1
 Stab: Sleeping          |       |       |     1 ||     1
Armor: Robe              |     4 |     2 |     1 ||     7
Dodge: Dodged            |    30 |    45 |     6 ||    81
Block: Other             |       |    15 |     3 ||    18

Table legend: (Time is in decaauts)
 A = Elapsed time spent in this place.
 B = Non-inter-level travel time spent in this place.
 C = Inter-level travel time spent in this place.
 D = Time resting spent in this place.
 E = Time spent auto-exploring this place.
 F = Levels seen in this place.
 G = Mean time per level.
                   A        B        C        D        E       F      G
               +--------+--------+--------+--------+--------+-----+--------+
         Total |   6867 |   6718 |    149 |    498 |   4955 |   7 |  981.0 |
       Dungeon |   5977 |   5828 |    149 |    256 |   4591 |   6 |  996.2 |
       Ossuary |    889 |    889 |      0 |    242 |    364 |   1 |  889.0 |
               +--------+--------+--------+--------+--------+-----+--------+

Top non-repeatable levels by time:
     D:2: 1485 daAuts
     D:3: 1291 daAuts
     D:1: 1181 daAuts
     D:4: 1023 daAuts
 Ossuary: 889 daAuts
     D:5: 719 daAuts
     D:6: 276 daAuts
